Bobnova, neutral male gnomish Wizard --------------------------------# ----------- |.....%...%....................-## |.........| |.------|--------------..-----.|## |.........| |.|....|..|...|. +..+ |.|#### |........<| |.|....|..|...|. |..| |.| # #-.........| |.---|----|...||------|..| |.| # #----------- +......|..|...|.|..|..|.-----|.| # #### |.----.|..||---.|..|..|.|...F|.| # # |.|..-.-|--..{..-|-|..|.|.@@.|.| # # |.|..|........%.%..-|--.-....|.| #### # |.|----|--.----|--......|....|.| #-.------# |.| |...|.+ |..||----------|.| .......|# |.| |(](|.| |..|... +.| |......|# |.| |(((|.- |..|....| |.| |......-# |.- -----. --------- -.| -......| |. . .| -------- --- --- --- Bobnova the Conjurer Experience level: 4 Strength: 8 Dexterity: 13 Constitution: 14 Intelligence: 19 Wisdom: 13 Charisma: 8 Health: 0(19) Energy: 37(48) Def: 1 Gold: 374 Moves: 1184 Dungeon seed: AJTTPppz4dy1KtHS Game ID: Bobnova_1455155142 Your Inventory: Coins $ - 374 gold pieces Weapons a - a blessed +1 quarterstaff (weapon in hands) s - a +0 orcish dagger u - a +0 dagger v - a cursed +0 orcish dagger Armor e - an uncursed +0 cloak of magic resistance (being worn) Comestibles z - 2 uncursed pancakes Scrolls i - an uncursed scroll of earth j - a blessed scroll of remove curse k - an uncursed scroll of remove curse Spellbooks l - a blessed spellbook of force bolt m - an uncursed spellbook of magic missile o - an uncursed spellbook of dig Potions f - an uncursed potion of water g - an uncursed potion of extra healing r - a blessed potion of gain energy Rings c - an uncursed ring of protection from shape changers d - an uncursed ring of cold resistance q - a cursed ring of aggravate monster t - a cursed ring of polymorph Wands b - a blessed wand of magic missile (0:6) Tools n - a magic marker (0:40) p - an uncursed leash w - an uncursed beartrap x - an uncursed oil lamp (0:1291) y - an uncursed lock pick Spells and supernatural/magical abilities: Name Level Category Fail Memory a - force bolt 1 attack 0% 95% m - magic missile 2 attack 0% 95% W - pray for help -- divine ? -- Your skills at the end: Fighting Skills Weapon Skills quarterstaff [Basic] Spellcasting Skills attack spells [Basic] enchantment spells [Basic] Final Attributes: You were fervently aligned. You were magic-protected. You had infravision. You aggravated monsters. You are dead. Vanquished creatures: a floating eye 2 kittens 3 monkeys a dwarf zombie 2 hobbits a brown mold a yellow mold 4 garter snakes 2 gnome zombies a gecko 4 jackals 2 foxes 4 goblins 3 lichens 6 newts 37 creatures vanquished. Voluntary challenges: You were an atheist. You used a wielded weapon 34 times, starting on turn 123. You were illiterate. You never genocided any monsters. You never polymorphed an object. You never changed form. You used no wishes. You never split a pudding. You never wrote Elbereth's name. You violated your moral code, losing 30 points of alignment, starting on turn 856. Dungeon overview: The Dungeons of Doom: levels 1 to 2 Level 1 a long staircase Level 2 stairs to The Gnomish Mines The Gnomish Mines: levels 3 to 5 Level 3 stairs to The Dungeons of Doom Level 4 Level 5 <- You were here a lighting shop, a temple to Ptah, a fountain History has recorded: On T:1 you entered the Dungeons of Doom to retrieve the Amulet of Yendor! On T:131 you reached level 2 of The Dungeons of Doom. On T:340 you reached level 1 of The Gnomish Mines. On T:400 you advanced to experience level 2. On T:807 you advanced to experience level 3. On T:910 you reached level 2 of The Gnomish Mines. On T:923 you reached level 3 of The Gnomish Mines. On T:1029 you advanced to experience level 4. Score breakdown: Gold: 374 ( 8755 points) Experience: 4 levels ( 9649 points) Exploration: 5 levels ( 10.64%) ( 8846 points) Discoveries: 1 item ( 0.35%) ( 1767 points) Valuables value: (no points given unless you survive) Artifact value: 0 ( 0 points) Variety of kills: 15 monsters ( 3.94%) ( 5952 points) Turncount: 1184 turns ( 0 points) Survival: died (score multiplied by 80%) Total score: 27975 Latest messages: The priest of Ptah gets angry! Ptah's voice booms: "How darest thou harm my servant!" The bolt of lightning hits you! You die... Final status: Goodbye Bobnova the Wizard, killed by a bolt of lightning... You died in The Gnomish Mines on dungeon level 5 with 27975 points, and 374 pieces of gold, after 1184 moves. You were level 4 with a maximum of 19 hit points when you died.